 Dungeon Crawl Stone Soup version 0.30.0 (webtiles) character file.

Game seed: 2997693717297597717

170457 SnakkuSnakku7 the Severer (level 17, -14/146 HPs)
             Began as a Purple Draconian Cinder Acolyte on May 5, 2023.
             Was a High Priest of Ignis.
             Demolished by a naga warrior
             ... wielding a +0 battleaxe
              (21 damage)
             ... on level 1 of the Snake Pit.
             The game lasted 00:53:42 (29694 turns).

SnakkuSnakku7 the Severer (DrCA)                   Turns: 29694, Time: 00:53:43

Health: -14/146    AC: 21    Str: 21    XL:     17   Next: 37%
Magic:  18/18      EV: 10    Int: 18    God:    Ignis [*****.]
Gold:   441        SH: 17    Dex: 14    Spells: 16/18 levels left

rFire   + + +        a - +5 broad axe (drain)
rCold   . . .        u - +0 tower shield
rNeg    . . .        (body armour unavailable)
rPois   .            (helmet restricted)
rElec   .            c - +2 cloak
rCorr   .            k - +2 pair of gloves
SInv    +            A - +1 pair of boots
Will    ++...        K - amulet of Bus Nyis {Regen+ Int+3}
Stlth   +            s - +4 ring of protection
HPRegen 1.24/turn    J - ring of Zin's Indignation {rF++ Str+4 SInv}
MPRegen 0.16/turn

%: no passive effects
@: lethally poisoned (-14 -> -21), about to teleport, constricted
A: breathe power, AC +9, unfitting armour, cold-blooded
a: Breathe Dispelling Energy, Renounce Religion, Fiery Armour, Foxfire Swarm,
Rising Flame


You were on level 1 of the Snake Pit.
You worshipped Ignis.
Ignis was extremely pleased with you.
You visited 4 branches of the dungeon, and saw 23 of its levels.
You also visited: Bailey and Gauntlet.

You collected 2519 gold pieces.
You spent 2078 gold pieces at shops.

Inventory:

Hand Weapons
 a - a +5 broad axe of draining (weapon)
 v - the +6 battleaxe of Qetoosep {spect, rC+}
   (You found it in a Gauntlet)

   rC:        It protects you from cold.
 X - a +2 scimitar of flaming
Missiles
 t - 3 throwing nets
 y - 19 curare-tipped darts (quivered)
Armour
 c - a +2 cloak (worn)
 k - a +2 pair of gloves (worn)
 u - a +0 tower shield (worn)
 A - a +1 pair of boots (worn)
Jewellery
 b - a ring of poison resistance
 f - a ring of willpower
 s - a +4 ring of protection (left hand)
 E - a ring of protection from cold
 J - the ring of Zin's Indignation (right hand) {rF++ Str+4 SInv}
   (You found it in a Gauntlet)

   [ring of see invisible]

   Str:       It affects your strength (+4).
   rF:        It greatly protects you from fire.
   SInv:      It lets you see invisible.
 K - the amulet of Bus Nyis (around neck) {Regen+ Int+3}
   (You found it in a Gauntlet)

   [amulet of regeneration]

   Int:       It affects your intelligence (+3).
   Regen:     It increases your rate of health regeneration.
Wands
 i - a wand of mindburst (17)
 B - a wand of charming (36)
 L - a wand of light (21)
 M - a wand of iceblast (17)
Scrolls
 d - 9 scrolls of fog
 g - 6 scrolls of identify
 n - 4 scrolls of fear
 p - 14 scrolls of teleportation
 O - 2 scrolls of magic mapping
 T - 2 scrolls of silence
Potions
 e - 6 potions of might
 h - 12 potions of curing
 l - 2 potions of lignification
 m - 3 potions of mutation
 r - 5 potions of cancellation
 x - 2 potions of heal wounds
 z - 2 potions of attraction
 C - 8 potions of flight
 D - 5 potions of resistance
 F - 2 potions of brilliance
 H - 2 potions of haste
 N - 3 potions of ambrosia
 P - a potion of magic
 S - a potion of berserk rage
Miscellaneous
 w - a piece from Xom's chessboard (15/15)
 G - a lightning rod (3/4)
 R - a condenser vane (inert)
 W - a phantom mirror


   Skills:
 - Level 11.6 Fighting
 - Level 11.1 Long Blades
 - Level 17.0(18.0) Axes
 - Level 9.6(14.4) Maces & Flails
 - Level 4.0 Throwing
 - Level 6.2 Dodging
 + Level 12.9 Shields
 - Level 1.2 Spellcasting
 - Level 4.0 Fire Magic
 - Level 14.1 Evocations


You had 16 spell levels left.
You knew the following spells:

 Your Spells              Type           Power      Damage    Failure   Level
a - Scorch                Fire           30%        2d6       19%         2

Your spell library contained the following spells:

 Spells                   Type           Power      Damage    Failure   Level
 Beastly Appendage        Tmut           2%         N/A       54%         1
 Freeze                   Ice            4%         1d3       54%         1
 Sandblast                Erth           2%         2d4       54%         1
 Shock                    Conj/Air       4%         1d3       54%         1
 Slow                     Hex            4%         N/A       54%         1
 Inner Flame              Hex/Fire       8%         N/A       63%         3
 Passwall                 Tmut/Erth      0%         N/A       67%         2
 Wereblood                Tmut           1%         N/A       67%         2
 Ignite Poison            Fire/Tmut/Pois 5%         N/A       73%         3
 Confusing Touch          Hex            1%         N/A       88%         3
 Dazzling Flash           Conj/Hex       2%         N/A       88%         3
 Frozen Ramparts          Ice            2%         1d1       88%         3
 Hailstorm                Conj/Ice       1%         3d3       88%         3
 Spider Form              Tmut/Pois      1%         N/A       88%         3
 Stone Arrow              Conj/Erth      2%         3d7       88%         3
 Summon Guardian Golem    Hex/Summ       1%         N/A       88%         3
 Swiftness                Air            1%         N/A       88%         3
 Vampiric Draining        Necr           1%         2d6       88%         3
 Flame Wave               Conj/Fire      8%         2d5       95%         4
 Sticky Flame             Conj/Fire      8%         2d3       95%         4
 Airstrike                Air            0%         2d(1-17)  99%         4
 Anguish                  Hex/Necr       0%         N/A       99%         4
 Animate Dead             Necr           1%         N/A       99%         4
 Cause Fear               Hex            0%         N/A       99%         4
 Ice Form                 Ice/Tmut       1%         N/A       99%         4
 Summon Ice Beast         Ice/Summ       1%         N/A       99%         4
 Agony                    Necr           1%         N/A       100%        5
 Iskenderun's Battlesphe  Conj           1%         2d6       100%        5
 Silence                  Hex/Air        0%         N/A       100%        5
 Iron Shot                Conj/Erth      0%         9d1       100%        6
 Summon Cactus Giant      Summ           0%         N/A       100%        6
 Dragon Form              Tmut           0%         N/A       100%        7
 Enfeeble                 Hex            0%         N/A       100%        7
 Haunt                    Necr/Summ      0%         N/A       100%        7
 Orb of Destruction       Conj           0%         9d5       100%        7
 Spellforged Servitor     Conj/Summ      0%         N/A       100%        7
 Ignition                 Fire           7%         3d5       100%        8
 Infestation              Necr           0%         N/A       100%        8


Dungeon Overview and Level Annotations

Branches:
Dungeon (15/15)            Temple (0/1) D:4            Lair (5/5) D:9
  Swamp (0/4) Lair:3        Snake (1/4) Lair:3        Slime (0/5) Lair:4
    Orc (2/2) D:11            Elf (0/3) Orc:2        Vaults (0/5) D:14
 Depths (0/4) D:15         Bailey (visited)         Gauntlet (visited)

Altars:
Dithmenos
Kikubaaqudgha
Nemelex Xobeh
Okawaru
Qazlal
Sif Muna
Trog
Vehumet
Wu Jian
Xom
Jiyva
Lugonu

Shops:
D:1 :   D:15 *   Orc:2 :!(==*

Portals:
Abyss: Lair:5

Annotations:
D:11 1 runed translucent door, Ariptu's ghost, journeyman MiFi
D:15 3 runed translucent doors, Epsin's ghost, journeyman MiFi; Ruat's ghost, adept DECj


Innate Abilities, Weirdness & Mutations

You can breathe bolts of dispelling energy.
Your rich purple scales are hard. (AC +9)
You cannot fit into any form of body armour.
You are cold-blooded and may be slowed by cold attacks.


Message History

The naga warrior blinks!
The black mamba blinks into view!
Unknown command.
Unknown command.
You feel sick.
The naga mage no longer looks unusually toxic.
The black mamba bites you but does no damage.
The naga mage points at you and mumbles some strange words.
The bolt of poison hits you but does no damage.
You are more poisoned.
The bolt of poison misses the black mamba.
You block the guardian serpent's attack.
The black mamba misses you. The naga mage spits poison at you.
The splash of poison hits you but does no damage.
You are more poisoned.
The black mamba bites you but does no damage.
The naga warrior closely misses you. You block the naga warrior's attack.
The guardian serpent barely misses you. You block the black mamba's attack.
The naga mage closely misses you. The naga mage grabs you.
The naga mage constricts you.
* * * LOW HITPOINT WARNING * * *
The naga mage's grasp on you weakens, but your attempt to escape fails.
You feel yourself speed up.
You feel extremely sick. You block the black mamba's attack. x2
The guardian serpent coils itself and waves its upper body at you.
The naga mage blinks!
The guardian serpent hits you but does no damage.
You block the black mamba's attack.
The naga mage hits you but does no damage.
The naga mage constricts you. The naga warrior spits poison at you.
The splash of poison misses you. You block the black mamba's attack.
The guardian serpent hits you!
* * * LOW HITPOINT WARNING * * *
The black mamba barely misses you. The naga mage hits you with a +0 flail!
* * * LOW HITPOINT WARNING * * *
The naga mage constricts you.
The naga warrior hits you with a +0 battleaxe!!
You die...

.# .. ##...$. ..> ..#
.###.....# #.. ....
....!....##..# .....
#.........#..
.....##...........
........§........
.......SN.......#
......N@SS......##.....>
#....#.NS...............
###.............SSN.....
#.......##....##N.....
.........##.....#......
#.........#SN##.........
............N##.........
............<#.... #...
......[†.....# #...


You could see a naga warrior (catching breath), 2 guardian serpents, 2 black
mambas and 2 naga magi.

Vanquished Creatures
  Asterion (Lair:3)
  Kirke (D:14)
  Agnes (D:15)
  A fire giant (D:15)
  The ghost of esran the Fighter, a journeyman TrFi of Okawaru (Orc:1)
  A minotaur (Gauntlet)
  A dire elephant (Gauntlet)
  The ghost of Olid the Thaumaturge, a journeyman DrCj of Vehumet (Lair:1)
  Fannar (Lair:1)
  An entropy weaver (shapeshifter) (Lair:5)
  4 vault guards
  3 hydras
  2 catoblepae
  Harold (Orc:1)
  2 rakshasas
  Erolcha (Orc:2)
  Erica (Lair:1)
  A death scarab (Gauntlet)
  3 centaur warriors
  8 two-headed ogres
  6 boulder beetles
  5 death yaks (Lair:5)
  A tengu warrior (D:14)
  A naga warrior (Lair:3)
  A death knight (D:15)
  Urug (Lair:2)
  An orc high priest (Orc:1)
  Sonja (D:10)
  3 thrashing horrors (Lair:5)
  A skyshark (Lair:5)
  Amaemon (Lair:1)
  A spectral death yak (Gauntlet)
  A skeletal warrior (D:13)
  The ghost of Huckebein the Fighter, a novice GrMo of Fedhas (D:6)
  A wizard (D:11)
  4 orc knights
  A deep elf pyromancer (D:14)
  2 salamanders
  10 orc sorcerers (Orc:2)
  11 cyclopes
  6 ugly things
  8 elephants
  4 manticores
  A salamander (shapeshifter) (D:13)
  Joseph (D:7)
  6 black mambas
  An ice statue (Lair:4)
  8 cane toads
  3 torpor snails
  4 smoke demons (Lair:5)
  5 rime drakes
  An orange demon (Lair:1)
  2 gargoyles
  2 minotaur zombies (Gauntlet)
  A rime drake (shapeshifter) (D:15)
  A kobold demonologist (D:8)
  An efreet (D:15)
  3 yaktaurs
  13 komodo dragons
  3 freezing wraiths
  2 tengu conjurers (D:14)
  5 trolls
  An ancient zyme (Lair:5)
  A queen bee (shapeshifter) (Lair:5)
  8 polar bears
  A tyrant leech (Lair:3)
  25 blink frogs
  A queen bee (Gauntlet)
  2 hornets
  19 slime creatures
  2 large abominations (Lair:5)
  2 vampires
  A yak (shapeshifter) (D:15)
  A spriggan (Lair:5)
  Eustachio (D:6)
  3 wyverns
  A shadow (D:12)
  4 hogs (D:14)
  A water elemental (D:14)
  31 yaks
  A wraith (D:14)
  8 vampire mosquitoes
  6 basilisks
  A chaos spawn (Lair:5)
  A swamp worm (Lair:3)
  11 small abominations (Lair:5)
  6 wargs
  2 nagas (Lair:3)
  A floating eye (shapeshifter) (D:12)
  An acid dragon (D:10)
  11 water moccasins
  10 ice beasts
  23 orc warriors
  21 wolves
  5 boggarts (D:14)
  8 ogres
  9 centaurs
  A phantom (D:5)
  23 kobold brigands
  A gnoll sergeant (D:6)
  11 bullfrogs
  7 scorpions
  6 wights
  14 killer bees
  2 howler monkeys
  3 electric eels (D:6)
  4 crimson imps (D:13)
  2 lava snakes (Lair:3)
  2 hounds
  16 orc priests
  5 jellies
  A gnoll bouda (D:5)
  2 sleepcaps
  5 iguanas
  51 orc wizards
  17 gnolls
  9 adders
  4 white imps
  15 dart slugs
  79 orcs
  8 bats
  9 endoplasms
  2 giant cockroaches
  4 goblins
  7 hobgoblins
  3 jackals (D:2)
  A quokka (D:5)
  7 ball pythons
  2 frilled lizards (D:1)
  21 kobolds
  4 rats
749 creatures vanquished.

Vanquished Creatures (collateral kills)
  2 wights (D:7)
2 creatures vanquished.

Vanquished Creatures (others)
  A human (D:14)
  5 demonic plants (D:9)
  41 fungi
  42 plants
  5 spectral weapons
  6 withered plants (D:15)
100 creatures vanquished.

Grand Total: 851 creatures vanquished

Notes
Turn   | Place    | Note
-------+----------+-------------------------------------------
     0 | D:1      | SnakkuSnakku7 the Draconian Cinder Acolyte began the quest
                  | for the Orb.
     0 | D:1      | Reached XP level 1. HP: 19/19 MP: 2/2
    92 | D:1      | Found a faded altar of an unknown god.
   146 | D:1      | Found Luaghog's Vocational Training.
   280 | D:1      | Reached XP level 2. HP: 26/26 MP: 3/3
   284 | D:1      | Learned a level 2 spell: Scorch
   828 | D:1      | Reached XP level 3. HP: 31/31 MP: 4/4
  1545 | D:3      | Reached XP level 4. HP: 30/38 MP: 5/5
  1744 | D:2      | Reached skill level 5 in Long Blades
  1821 | D:3      | Found an iron altar of Okawaru.
  1864 | D:3      | Reached XP level 5. HP: 45/45 MP: 1/6
  2368 | D:3      | Reached skill level 1 in Throwing
  2760 | D:4      | Reached XP level 6. HP: 51/51 MP: 2/7
  2845 | D:4      | Found a staircase to the Ecumenical Temple.
  3595 | D:5      | Entered Level 5 of the Dungeon
  3610 | D:5      | Your scales start taking on a rich purple colour.
  3610 | D:5      | Reached XP level 7. HP: 57/57 MP: 1/8
  3611 | D:5      | Found a shadowy altar of Dithmenos.
  3659 | D:5      | Found a shadowy altar of Dithmenos.
  3671 | D:5      | Noticed a two-headed ogre
  3762 | D:5      | Killed a two-headed ogre
  3763 | D:5      | Reached XP level 8. HP: 48/63 MP: 1/9
  4220 | D:5      | Found an ornate altar of the Wu Jian Council.
  4564 | D:6      | Reached skill level 10 in Long Blades
  4799 | D:6      | Reached XP level 9. HP: 54/70 MP: 10/10
  4941 | D:6      | Noticed Eustachio
  5092 | D:6      | Identified the +7 whip "Soirphu" {flame, rF+ rN+ Int+4
                  | Stlth+}
  5156 | D:6      | Found a stormy altar of Qazlal.
  5156 | D:6      | Found an ornate altar of the Wu Jian Council.
  5446 | D:6      | Reached skill level 1 in Maces & Flails
  5458 | D:6      | Found a runed translucent gate.
  5459 | D:6      | Found a runed translucent gate.
  5460 | D:6      | Found a runed translucent gate.
  5461 | D:6      | Noticed Huckebein's ghost (novice GrMo)
  6689 | D:7      | Noticed Joseph
  6782 | D:7      | Reached skill level 5 in Maces & Flails
  6845 | D:7      | Noticed a cyclops
  6859 | D:7      | Killed a cyclops
  7141 | D:7      | Killed Joseph
  7529 | D:8      | Reached XP level 10. HP: 25/77 MP: 2/11
  7667 | D:8      | Noticed a two-headed ogre
  7694 | D:8      | Found a flagged portal.
  7703 | Bailey   | Entered a bailey
  7745 | Bailey   | Noticed an orc knight
  7776 | Bailey   | Killed an orc knight
  8102 | Bailey   | Found a burning altar of Makhleb.
  8261 | D:8      | Reached skill level 1 in Axes
  8401 | D:8      | Reached skill level 2 in Axes
  8635 | D:8      | Reached skill level 3 in Axes
  8718 | D:8      | Killed a two-headed ogre
  8719 | D:8      | Reached skill level 4 in Axes
  8860 | D:8      | Reached skill level 5 in Axes
  8865 | D:8      | Noticed a two-headed ogre
  8931 | D:8      | Reached skill level 6 in Axes
  9308 | D:8      | Reached skill level 7 in Axes
  9885 | D:9      | Reached XP level 11. HP: 70/82 MP: 12/12
 10332 | D:9      | Found a staircase to the Lair.
 10338 | D:9      | Reached skill level 8 in Axes
 10906 | D:6      | Killed Eustachio
 10996 | D:1      | Bought a manual of Evocations for 800 gold pieces
 11189 | D:10     | Entered Level 10 of the Dungeon
 11402 | D:10     | Found a sparkling altar of Nemelex Xobeh.
 11546 | D:10     | Noticed Sonja
 11549 | D:10     | Killed Sonja
 11838 | D:10     | Noticed a two-headed ogre
 11849 | D:10     | Killed a two-headed ogre
 11850 | D:10     | Reached skill level 9 in Axes
 11888 | D:10     | Noticed a two-headed ogre
 11897 | D:10     | Killed a two-headed ogre
 11898 | D:10     | Reached skill level 5 in Evocations
 12157 | D:10     | Found an ancient bone altar of Kikubaaqudgha.
 12322 | Lair:1   | Entered Level 1 of the Lair of Beasts
 12322 | Lair:1   | Noticed Fannar
 12333 | Lair:1   | Killed Fannar
 12650 | Lair:1   | Found a transporter.
 12656 | Lair:1   | Noticed Olid's ghost (journeyman DrCj)
 12665 | Lair:1   | Found a transporter.
 12702 | Lair:1   | Reached skill level 10 in Axes
 12971 | Lair:1   | Noticed Amaemon
 12978 | Lair:1   | Killed Amaemon
 13124 | Lair:1   | Noticed Erica
 13156 | Lair:1   | Killed Erica
 13313 | Lair:1   | Reached skill level 10 in Evocations
 13313 | Lair:1   | Reached XP level 12. HP: 73/89 MP: 13/13
 13539 | Lair:1   | Reached skill level 11 in Axes
 14960 | Lair:2   | Reached skill level 12 in Axes
 15170 | Lair:2   | Noticed Urug
 15185 | Lair:2   | Killed Urug
 16812 | Lair:3   | Reached XP level 13. HP: 39/99 MP: 14/14
 16834 | Lair:3   | Reached skill level 13 in Axes
 17721 | Lair:3   | Found a staircase to the Swamp.
 17776 | Lair:3   | Found a staircase to the Snake Pit.
 17796 | Lair:3   | Reached skill level 5 in Fighting
 18104 | Lair:4   | Found a runed translucent door.
 18321 | Lair:4   | Found a viscous altar of Jiyva.
 18390 | Lair:4   | Found a staircase to the Slime Pits.
 18631 | Lair:4   | HP: 4/102 [black mamba (12)]
 19105 | Lair:4   | Reached XP level 14. HP: 110/110 MP: 15/15
 20028 | Lair:5   | Entered Level 5 of the Lair of Beasts
 20115 | Lair:5   | Found a gate leading to a gauntlet.
 20135 | Gauntlet | Entered a Gauntlet
 20135 | Gauntlet | Found a transporter.
 20135 | Gauntlet | Found a transporter.
 20135 | Gauntlet | Found a transporter.
 20157 | Gauntlet | Found a transporter.
 20160 | Gauntlet | Found a transporter.
 20172 | Gauntlet | Found a transporter.
 20176 | Gauntlet | Found a transporter.
 20193 | Gauntlet | Found a transporter.
 20197 | Gauntlet | Found a transporter.
 20214 | Gauntlet | Found a transporter.
 20218 | Gauntlet | Found a transporter.
 20230 | Gauntlet | Found a transporter.
 20259 | Gauntlet | Reached skill level 14 in Axes
 20547 | Gauntlet | Identified the +6 battleaxe of Qetoosep {spect, rC+}
 20555 | Gauntlet | Identified the ring of Zin's Indignation {rF++ Str+4 SInv}
 20784 | Gauntlet | Identified the staff of air "Miley" {rElec rN+ Str-3 Int+3}
 20823 | Gauntlet | Identified the amulet of Bus Nyis {Regen+ Int+3}
 21548 | Lair:5   | Reached skill level 10 in Fighting
 21548 | Lair:5   | Reached skill level 15 in Axes
 21590 | Lair:5   | Found a corrupted altar of Lugonu.
 21590 | Lair:5   | Found a one-way gate to the infinite horrors of the Abyss.
 21607 | Lair:5   | Identified the +1 ring mail of Copexaig {Harm rCorr Str+4}
 21710 | Lair:5   | Reached XP level 15. HP: 103/126 MP: 16/16
 21793 | Lair:5   | Reached skill level 16 in Axes
 22560 | Lair:1   | Killed Olid's ghost
 22718 | D:6      | Killed Huckebein's ghost
 23023 | D:11     | Reached skill level 17 in Axes
 23132 | D:11     | Found a runed translucent door.
 23132 | D:11     | Found a shimmering altar of Xom.
 23132 | D:11     | Noticed Ariptu's ghost (journeyman MiFi)
 23228 | D:11     | Reached skill level 1 in Shields
 23390 | D:11     | Found a staircase to the Orcish Mines.
 23600 | Orc:1    | Entered Level 1 of the Orcish Mines
 23608 | Orc:1    | Noticed Harold
 23618 | Orc:1    | Killed Harold
 23681 | Orc:1    | Found a shimmering blue altar of Sif Muna.
 23696 | Orc:1    | Found a runed translucent door.
 23813 | Orc:1    | Noticed esran's ghost (journeyman TrFi)
 24044 | Orc:1    | Killed esran's ghost
 24064 | Orc:2    | Entered Level 2 of the Orcish Mines
 24093 | Orc:2    | Found Etic's Book Shoppe.
 24156 | Orc:2    | Reached skill level 5 in Shields
 24199 | Orc:2    | Found a staircase to the Elven Halls.
 24399 | Orc:2    | Found Teonokerr's General Store.
 24418 | Orc:2    | Bought a scroll of fear for 68 gold pieces
 24418 | Orc:2    | Bought 2 potions of curing for 102 gold pieces
 24418 | Orc:2    | Bought a scroll of fog for 68 gold pieces
 24624 | Orc:2    | Found Fagho's Distillery.
 24666 | Orc:2    | Found an ancient bone altar of Kikubaaqudgha.
 24678 | Orc:2    | Found Yppyugoj's Jewellery Shoppe.
 24692 | Orc:2    | Noticed Erolcha
 24696 | Orc:2    | Found a radiant altar of Vehumet.
 24699 | Orc:2    | Killed Erolcha
 24736 | Orc:2    | Bought a potion of experience for 700 gold pieces
 24747 | Orc:2    | Found Ruubaur's Antique Weapon Shoppe.
 24805 | Orc:2    | Reached XP level 16. HP: 139/139 MP: 17/17
 24819 | Orc:2    | Found Qycweira's Jewellery Emporium.
 25929 | D:13     | Found a shimmering altar of Xom.
 25962 | D:13     | Got the Spellbook of the Changed Bonfire
 26991 | D:14     | Noticed Kirke
 27001 | D:14     | Killed Kirke
 27132 | D:14     | Found a gate to the Vaults.
 27150 | D:14     | Reached skill level 10 in Shields
 27348 | D:14     | Reached XP level 17. HP: 38/146 MP: 18/18
 27876 | D:15     | Entered Level 15 of the Dungeon
 27876 | D:15     | Found a runed translucent gate.
 27877 | D:15     | Found a runed translucent gate.
 27994 | D:15     | Found a staircase to the Depths.
 28002 | D:15     | Found Lanoexzey's Assorted Antiques.
 28028 | D:15     | Paralysed by a hornet for 2 turns
 28326 | D:15     | Noticed Agnes
 28336 | D:15     | Killed Agnes
 28395 | D:15     | Bought a potion of curing for 60 gold pieces
 28415 | D:15     | Found a runed translucent gate.
 28418 | D:15     | Noticed Ruat's ghost (adept DECj)
 28418 | D:15     | Noticed Epsin's ghost (journeyman MiFi)
 28458 | D:15     | Found a bloodstained altar of Trog.
 29234 | Orc:2    | Bought a ring of poison resistance for 280 gold pieces
 29474 | Snake:1  | Entered Level 1 of the Snake Pit
 29477 | Snake:1  | Noticed Asterion
 29645 | Lair:3   | Killed Asterion
 29694 | Snake:1  | HP: 7/146 [naga mage/+0 flail (10)]
 29694 | Snake:1  | Demolished by a naga warrior

Illustrated notes

Levels and vault maps discovered:
D:1:      lemuel_arrival_muddy, layout_basic,
          shapermc_ecumenical_altar_acropolis, nicolae_shop_vocational
D:2:      layout_loops_ring, kennysheep_potato
D:3:      layout_loops_ring, mainiacjoe_overflow_alcove_1
D:4:      layout_rooms, minmay_temple_entry_tees, chequers_big_river
D:5:      layout_rooms, mainiacjoe_overflow_small_starburst,
          hangedman_feature_mirror
D:6:      kennysheep_slugbush, layout_basic, amethyst_overflow_temple_binary,
          gammafunk_ghost_nasty_kobolds, chequers_mini_garden, uniq_eustachio
D:7:      minmay_spotlight, layout_loops_corners, uniq_joseph
D:8:      layout_loops_ring, enter_bailey_8, special_room [special_room_kobold],
          roderic_serpentine_path
D:9:      layout_basic, erik_lair_orcish_takeover, dreamdust_princess_corridor,
          hex_intersection
D:10:     layout_irregular_city, lemuel_coloured_pillars_altar,
          mainiacjoe_overflow_24_doors, lemuel_flamethrower_1, uniq_sonja
D:11:     minmay_curly_fans, layout_irregular_city, orc_0_dummy,
          ebering_ghost_xom, serial_park_tiny_2
D:12:     layout_irregular_city
D:13:     layout_basic, led_xom_imps
D:14:     layout_cave_pools, lightli_vaults_fourway_checkpoint, minivault_14,
          uniq_kirke
D:15:     grunt_enter_depths_giant_problem, layout_cave_pools, serial_shops,
          shop, bloody_trog, gammafunk_ghost_cemetery, minmay_bent, uniq_agnes
Lair:1:   layout_long_grid, gammafunk_ghost_arena, lemuel_fruit_fields,
          uniq_amaemon, uniq_erica, uniq_fannar
Lair:2:   layout_chaotic_city, grunt_forest_small_clearings, uniq_urug
Lair:3:   layout_regular_city, minmay_swamp_entry_worms,
          nicolae_snake_entry_warm_welcome, serial_bayou_shore_b
Lair:4:   layout_regular_city, slime_entry_2, chequers_serial_rivers_micro_d,
          ice2_lemuel
Lair:5:   hellmonk_lair_end_abyssal_woods, layout_regular_city,
          gauntlet_entry_generic, grunt_megastairs_5
Snake:1:  layout_cave_shapes, uniq_asterion
Orc:1:    layout_caves, hellmonk_ghost_happy_afterlife, led_sif_book,
          uniq_harold
Orc:2:    kennysheep_orc_mage_school, layout_caves, serial_shops,
          nicolae_shop_statue_plus, nicolae_shop_tiny_glass, basic_altar,
          nicolae_orc_rockfall

Skill      XL: |  1  2  3  4  5  6  7  8  9 10 11 12 13 14 15 16 17 |
---------------+----------------------------------------------------+-----
Long Blades    | 4 5 6 8 10 11 | 11.1
Fire Magic     | 4 |  4.0
Throwing       | 2 3 4 |  4.0
Maces & Flails | 8 9 |  9.6
Axes           | 7 10 12 13 15 17 | 17.0
Evocations     | 10 14 | 14.1
Fighting       | 4 6 10 11 | 11.6
Dodging        | 6 |  6.2
Shields        | 6 10 12 | 12.9
Spellcasting   | |  1.2

Action                     |  1- 3 |  4- 6 |  7- 9 | 10-12 | 13-15 | 16-18 || total
---------------------------+-------+-------+-------+-------+-------+-------++-------
  Melee: Falchion          |   113 |    89 |   211 |       |       |       ||   413
         Tailslap          |    14 |     8 |    35 |   129 |   151 |    81 ||   418
         Whip              |       |       |    80 |    87 |       |       ||   167
         Morningstar       |       |       |       |   781 |   142 |       ||   923
         Broad axe         |       |       |       |       |   190 |   273 ||   463
         Battleaxe         |       |       |       |       |   419 |   136 ||   555
  Throw: Dart              |       |    24 |     8 |    15 |     8 |     3 ||    58
   Cast: Scorch            |     2 |    34 |    30 |       |     5 |       ||    71
 Invoke: Fiery Armour      |       |       |       |     1 |       |       ||     1
Ability: Breathe Dispellin |       |       |     5 |     2 |     3 |       ||    10
  Evoke: Wand              |       |       |    26 |    28 |    12 |     2 ||    68
         Piece from Xom's  |       |       |       |       |     1 |       ||     1
         Lightning rod     |       |       |       |       |       |     4 ||     4
         Condenser vane    |       |       |       |       |       |     2 ||     2
    Use: Scroll            |     3 |     1 |     7 |    15 |     8 |    11 ||    45
         Potion            |       |       |     1 |     5 |    10 |     1 ||    17
   Stab: Sleeping          |       |       |     2 |       |       |       ||     2
         Invisible         |       |       |       |     3 |     4 |       ||     7
         Distracted        |       |       |       |       |     7 |     4 ||    11
 Armour: Skin              |    44 |    34 |    74 |   399 |   345 |   185 ||  1081
  Dodge: Dodged            |    85 |    63 |   107 |   384 |   408 |   202 ||  1249
  Block: Buckler           |    12 |    23 |    88 |   351 |   131 |       ||   605
         Reflection        |       |       |     5 |    10 |     1 |       ||    16
         Other             |       |       |       |       |     1 |       ||     1
         Tower shield      |       |       |       |       |       |   252 ||   252
